 Dungeon Crawl Stone Soup version 0.30.0-11-gf55b779eaf (webtiles) character file.

Game seed: 15725350474367482834

13658 hikkokomori the Covert (level 12, -1/74 HPs)
             Began as a Gargoyle Earth Elementalist on May 17, 2023.
             Was an Initiate of Gozag.
             Engulfed by a cloud of freezing vapour (10 damage)
             ... on level 1 of the Lair of Beasts.
             The game lasted 00:29:50 (12159 turns).

hikkokomori the Covert (GrEE)                      Turns: 12159, Time: 00:29:50

Health: -1/74      AC: 12    Str: 13    XL:     12   Next: 8%
Magic:  2/23       EV: 12    Int: 20    God:    Gozag
Gold:   1516       SH:  0    Dex: 16    Spells: 11/26 levels left

rFire   . . .        C - +0 longbow
rCold   . . .        (shield currently unavailable)
rNeg    + . .        a - +0 robe
rPois   ∞            q - +0 helmet
rElec   +            P - +0 cloak
rCorr   .            (no gloves)
SInv    .            (no boots)
Will    .....        (no amulet)
Stlth   ++++         k - +6 ring of dexterity
HPRegen 0.32/turn    f - ring of wizardry
MPRegen 0.18/turn

%: wizardry (x1)
@: gold aura
A: sickness immunity, AC +8, negative energy resistance 1, electricity
resistance, torment resistance 1, petrification resistance
a: Renounce Religion, Potion Petition, Call Merchant, Bribe Branch


You were on level 1 of the Lair of Beasts.
You worshipped Gozag.
Gozag was most pleased with you.
You visited 2 branches of the dungeon, and saw 11 of its levels.

You collected 1697 gold pieces.
You spent 84 gold pieces at shops.
You paid 97 gold pieces to Gozag.

Inventory:

Hand Weapons
 i - a +0 dagger
 m - a +2 short sword of venom
 p - a +0 short sword of electrocution
 C - a +0 longbow (weapon)
Missiles
 v - 30 poisoned darts
 B - 3 throwing nets
Armour
 a - a +0 robe (worn)
 q - a +0 helmet (worn)
 P - a +0 cloak (worn)
Magical Staves
 G - a staff of conjuration
Jewellery
 c - a ring of magical power
 f - a ring of wizardry (right hand)
 k - a +6 ring of dexterity (left hand)
 n - a ring of ice
 u - a ring of protection from fire
 y - a ring of resist corrosion
 O - a ring of ice
 W - a ring of see invisible
Wands
 x - a wand of mindburst (16)
 N - a wand of roots (19)
 T - a wand of light (11)
Scrolls
 d - 2 scrolls of noise
 g - 8 scrolls of teleportation
 h - a scroll of butterflies {unknown}
 l - 3 scrolls of amnesia {unknown}
 t - 3 scrolls of enchant weapon
 w - 2 scrolls of fog
 A - 5 scrolls of enchant armour {unknown}
 D - 2 scrolls of brand weapon {unknown}
 E - a scroll of poison {unknown}
 H - a scroll of immolation {unknown}
 J - 2 scrolls of acquirement {unknown}
 L - 2 scrolls of magic mapping {unknown}
 M - 3 scrolls of vulnerability {unknown}
 S - 3 scrolls of identify
Potions
 b - 5 potions of flight
 e - a potion of berserk rage {unknown}
 j - 7 potions of curing
 o - a potion of heal wounds {unknown}
 r - 5 potions of might
 s - a potion of ambrosia {unknown}
 z - 3 potions of lignification {unknown}
 F - 2 potions of degeneration {unknown}
 I - 3 potions of mutation {unknown}
 K - 3 potions of brilliance {unknown}
 Q - 3 potions of attraction {unknown}
 R - a potion of invisibility {unknown}
 U - a potion of cancellation {unknown}
 V - a potion of resistance {unknown}
Miscellaneous
 X - a phial of floods


   Skills:
 + Level 8.2 Fighting
 - Level 2.3 Dodging
 + Level 9.8 Stealth
 + Level 7.5 Spellcasting
 + Level 8.0 Conjurations
 - Level 1.8 Transmutations
 + Level 7.6 Ice Magic
 + Level 6.2 Air Magic
 - Level 4.8 Earth Magic


You had 11 spell levels left.
You knew the following spells:

 Your Spells              Type           Power      Damage    Failure   Level
a - Sandblast             Erth           54%        2d13      1%          1
b - Stone Arrow           Conj/Erth      66%        3d11      1%          3
c - Freezing Cloud        Conj/Ice/Air   18%        6-21      4%          5
d - Summon Cactus Giant   Summ           3%         N/A       99%         6

Your spell library contained the following spells:

 Spells                   Type           Power      Damage    Failure   Level
 Beastly Appendage        Tmut           28%        N/A       1%          1
 Passwall                 Tmut/Erth      16%        N/A       1%          2
 Wereblood                Tmut           14%        N/A       2%          2
 Scorch                   Fire           14%        2d5       6%          2
 Flame Wave               Conj/Fire      23%        2d8       7%          4
 Spider Form              Tmut/Pois      11%        N/A       8%          3
 Ignite Poison            Fire/Tmut/Pois 9%         N/A       9%          3
 Petrify                  Tmut/Erth      20%        N/A       9%          4
 Metabolic Englaciation   Hex/Ice        11%        N/A       21%         5
 Summon Forest            Summ/Tloc      3%         N/A       65%         5
 Summon Mana Viper        Hex/Summ       7%         N/A       65%         5
 Eringya's Noxious Bog    Tmut/Pois      5%         N/A       97%         6
 Summon Hydra             Summ           3%         N/A       100%        7
 Cigotuvi's Dreadful Rot  Necr/Pois/Air  Unusable   N/A       N/A         2
 Statue Form              Tmut/Erth      Unusable   N/A       N/A         6

Dungeon Overview and Level Annotations

Branches:
Dungeon (10/15)            Temple (0/1) D:5            Lair (1/5) D:8
    Orc: D:9-12

Altars:
Ashenzari
Gozag
Okawaru
Sif Muna
Trog
Uskayaw
Vehumet
Zin

Shops:
D:2 !   D:7 *

Annotations:
D:8 1 runed translucent door, notthatgreg's ghost, novice TeAE
D:10 2 transporters, qeuew's ghost, journeyman MiFi


Innate Abilities, Weirdness & Mutations

You are immune to sickness and miasma.
Your stone body is resilient. (AC +8)
You are immune to poison.
You resist negative energy. (rN+)
You are resistant to electric shocks. (rElec)
You are resistant to unholy torment.
You are immune to petrification.


Message History

The elephant is severely wounded.
The plant is engulfed in freezing vapours.
The elephant is engulfed in freezing vapours.
The elephant tramples you!
You stumble backwards!
The elephant tramples you!
You hold your ground!
The elephant barely misses you.
Casting: Freezing Cloud (dangerous; 4% risk of failure)
Confirm with . or Enter, or press ? or * to list all spells.
Aiming: Freezing Cloud (dangerous; 4% risk of failure)
Press: ? - help, Dir - move target, f/p - elephant
Aim: an elephant (severely wounded)
Okay, then.
Casting: Freezing Cloud (dangerous; 4% risk of failure)
Confirm with . or Enter, or press ? or * to list all spells.
Aiming: Stone Arrow (safe; 1% risk of failure)
Press: ? - help, Shift-Dir - straight line, f/p - elephant
Aim: an elephant (severely wounded, 100% to hit)
The stone arrow hits the elephant!
The elephant is almost dead.
The plant is engulfed in freezing vapours.
A nearby plant withers and dies.
The elephant tramples you!
* * * LOW HITPOINT WARNING * * *
You hold your ground!
The elephant trunk-slaps you but does no damage.
Unknown command.
The elephant attacks as you move away! The elephant barely misses you.
The elephant trunk-slaps you but does no damage.
Okay, then.
The elephant attacks as you move away!
The elephant tramples you but does no damage.
The elephant trunk-slaps you.
* * * LOW HITPOINT WARNING * * *
Casting: Stone Arrow (safe; 1% risk of failure)
Confirm with . or Enter, or press ? or * to list all spells.
Aiming: Freezing Cloud (dangerous; 4% risk of failure)
Press: ? - help, Dir - move target, f/p - elephant
Aim: an elephant (almost dead) That beam is likely to hit you.
Continue anyway?
You are engulfed in freezing vapours.
You die...
Your body crumbles into a pile of gold.

#.....#..............
..
#....................
...
###..'##...........###
#.##...#.######........
#........# #........
.###....###### #.......
........# #.§##§......
...#....###☼§§.§$.....
..[......@YY§##$......
###.....P##§§# #......
##....###### ......
#.....# ..... .......#
..... ......... ....
######.## ###. ##


You could see 2 elephants.

Vanquished Creatures
  A centaur warrior (D:9)
  7 death yaks (D:8)
  Joseph (D:8)
  An elephant (Lair:1)
  A black mamba (Lair:1)
  A kobold demonologist (D:10)
  A rime drake (Lair:1)
  A troll (D:10)
  2 spriggans (Lair:1)
  13 yaks
  2 wraiths (D:9)
  A vampire (D:9)
  2 steam dragons
  2 vampire mosquitoes (D:10)
  Menkaure (D:6)
  An acid dragon (D:9)
  A water moccasin (Lair:1)
  3 sky beasts
  5 black bears
  2 orc warriors
  3 ice beasts
  An ogre (D:6)
  2 centaurs
  5 wolves
  A kobold brigand (D:6)
  3 bullfrogs
  2 gnoll sergeants
  2 scorpions
  9 killer bees
  2 howler monkeys
  5 orc priests
  2 hounds
  3 jellies
  2 sleepcaps
  4 iguanas
  A gnoll bouda (D:9)
  5 orc wizards
  Robin (D:2)
  28 gnolls
  10 adders
  3 white imps
  3 worms
  3 dart slugs
  17 orcs
  8 ball pythons
  6 bats
  8 endoplasms
  4 giant cockroaches
  22 goblins
  8 hobgoblins
  4 jackals (D:5)
  3 quokkas
  9 frilled lizards
  9 kobolds
  3 rats
250 creatures vanquished.

Notes
Turn   | Place    | Note
-------+----------+-------------------------------------------
     0 | D:1      | hikkokomori the Gargoyle Earth Elementalist began the quest
                  | for the Orb.
     0 | D:1      | Reached XP level 1. HP: 10/10 MP: 3/3
   112 | D:1      | Reached skill level 1 in Transmutations
   112 | D:1      | Reached XP level 2. HP: 15/15 MP: 3/5
   634 | D:1      | Reached XP level 3. HP: 19/19 MP: 4/6
  1012 | D:2      | Reached XP level 4. HP: 15/24 MP: 3/7
  1014 | D:2      | Reached skill level 3 in Stealth
  1413 | D:2      | Noticed Robin
  1458 | D:2      | Killed Robin
  1615 | D:2      | Reached XP level 5. HP: 28/28 MP: 6/9
  1944 | D:2      | Found Ehoasir's Distillery.
  2080 | D:2      | Bought a potion of might for 48 gold pieces
  2080 | D:2      | Bought a potion of curing for 36 gold pieces
  2114 | D:3      | Learned a level 3 spell: Stone Arrow
  2120 | D:3      | Learned a level 5 spell: Freezing Cloud
  2642 | D:3      | HP: 1/28 [gnoll sergeant/+0 spear (6)]
  2644 | D:3      | Reached skill level 1 in Fighting
  2644 | D:3      | Reached skill level 1 in Ice Magic
  2644 | D:3      | Reached XP level 6. HP: 1/34 MP: 0/10
  3429 | D:4      | Noticed a sky beast
  3433 | D:4      | Killed a sky beast
  3434 | D:4      | Reached skill level 4 in Stealth
  3434 | D:4      | Reached skill level 1 in Air Magic
  3676 | D:4      | Reached skill level 1 in Conjurations
  3718 | D:4      | Reached XP level 7. HP: 34/40 MP: 0/12
  3943 | D:4      | Found a broken altar of Ashenzari.
  3985 | D:4      | Found a hide-covered altar of Uskayaw.
  4484 | D:5      | Entered Level 5 of the Dungeon
  4587 | D:5      | Found a shimmering blue altar of Sif Muna.
  4675 | D:5      | Found a staircase to the Ecumenical Temple.
  4909 | D:5      | Reached skill level 5 in Stealth
  4909 | D:5      | Reached XP level 8. HP: 45/46 MP: 13/13
  5098 | D:5      | Found an opulent altar of Gozag.
  5291 | D:5      | Became a worshipper of Gozag Ym Sagoz the Greedy
  5451 | D:5      | Found a bloodstained altar of Trog.
  5854 | D:6      | Noticed Menkaure
  5861 | D:6      | Killed Menkaure
  6156 | D:6      | Reached skill level 6 in Stealth
  6156 | D:6      | Reached XP level 9. HP: 52/52 MP: 10/16
  6877 | D:7      | Reached skill level 5 in Spellcasting
  6985 | D:7      | Reached skill level 5 in Fighting
  7263 | D:7      | Found an iron altar of Okawaru.
  7471 | D:7      | Found Ripposaw's General Store.
  7616 | D:8      | Learned a level 6 spell: Summon Cactus Giant
  7694 | D:8      | Identified the +0 chain mail of the Contumacious God
                  | {Contam Dex+4}
  7737 | D:8      | Reached skill level 5 in Conjurations
  7759 | D:8      | Found a runed translucent door.
  7780 | D:8      | Noticed notthatgreg's ghost (novice TeAE)
  7883 | D:8      | Noticed Joseph
  7889 | D:8      | Killed Joseph
  7890 | D:8      | Reached skill level 7 in Stealth
  7890 | D:8      | Reached skill level 5 in Ice Magic
  7890 | D:8      | Reached XP level 10. HP: 25/59 MP: 4/18
  8095 | D:8      | Noticed a death yak
  8095 | D:8      | Noticed a death yak
  8097 | D:8      | Noticed a death yak
  8097 | D:8      | Noticed a death yak
  8098 | D:8      | Noticed a death yak
  8099 | D:8      | Noticed a death yak
  8101 | D:8      | Killed a death yak
  8102 | D:8      | Noticed a death yak
  8103 | D:8      | Killed a death yak
  8103 | D:8      | Killed a death yak
  8104 | D:8      | Reached skill level 8 in Stealth
  8113 | D:8      | Killed a death yak
  8144 | D:8      | Killed a death yak
  8145 | D:8      | Reached skill level 5 in Air Magic
  8290 | D:8      | Reached XP level 11. HP: 49/66 MP: 4/20
  8291 | D:8      | Killed a death yak
  8293 | D:8      | Killed a death yak
  8584 | D:8      | Found a staircase to the Lair.
  8881 | D:9      | Noticed a centaur warrior
  8892 | D:9      | Killed a centaur warrior
  8893 | D:9      | Reached skill level 9 in Stealth
  9123 | D:9      | Found a radiant altar of Vehumet.
  9908 | Lair:1   | Entered Level 1 of the Lair of Beasts
 10386 | D:10     | Entered Level 10 of the Dungeon
 10446 | D:10     | Found a glowing silver altar of Zin.
 10928 | D:10     | Found a bloodstained altar of Trog.
 10929 | D:10     | Noticed a moth of wrath
 10930 | D:10     | Noticed a two-headed ogre
 10930 | D:10     | Noticed a tengu warrior
 10930 | D:10     | Noticed qeuew's ghost (journeyman MiFi)
 11178 | D:10     | Found a transporter.
 11524 | D:10     | Noticed a two-headed ogre
 11532 | D:10     | Found a transporter.
 11900 | Lair:1   | Reached XP level 12. HP: 49/73 MP: 17/23
 12159 | Lair:1   | Engulfed by a cloud of freezing vapour

Illustrated notes

Levels and vault maps discovered:
D:1:      minmay_arrival_diagonal_passages, layout_basic,
          minmay_misc_feat_diagonals, minmay_shallow_snake_nest
D:2:      minmay_chambers_of_twos, layout_basic, serial_shops,
          nicolae_shop_tiny_real_fake_doors, chequers_serial_rivers_marsh,
          minmay_ruptured, uniq_robin
D:3:      layout_loops_ring
D:4:      layout_basic, mainiacjoe_overflow_tiny_flanked,
          nicolae_uskayaw_dance_hall, nrook_mini_vaults, minmay_circle_x
D:5:      layout_loops_ring, lemuel_round_altar, kennysheep_mini_moat,
          nicolae_sif_muna_condensation, minmay_temple_entry_steel_oval
D:6:      layout_rooms, uniq_menkaure
D:7:      layout_cave_pools, mainiacjoe_overflow_concentric_impassable,
          serial_shops, nicolae_shop_peninsula
D:8:      layout_rooms, dpeg_lair_monsters, hellmonk_ghost_big_iron,
          minmay_misc_feat_columns, uniq_joseph
D:9:      layout_loops_ring, marbit_many_paths, minmay_misc_feat_tower,
          serial_park_tiny_2
D:10:     layout_loops_ring, mainiacjoe_overflow_24_doors,
          gammafunk_ghost_wrathful_warriors
Lair:1:   wad_woods_tower, layout_regular_city, infiniplex_staircase_pool_2,
          grunt_megastairs_3

Skill      XL: |  1  2  3  4  5  6  7  8  9 10 11 12 |
---------------+-------------------------------------+-----
Transmutations | 1 |  1.8
Earth Magic    | 4 |  4.8
Dodging        | 2 |  2.3
Stealth        | 3 4 5 6 7 8 9 |  9.8
Fighting       | 1 2 3 4 5 6 8 |  8.2
Spellcasting   | 3 4 5 6 7 |  7.5
Ice Magic      | 1 2 3 5 6 7 |  7.6
Air Magic      | 1 2 3 4 5 6 |  6.2
Conjurations   | 1 2 3 5 6 7 8 |  8.0

Action                     |  1- 3 |  4- 6 |  7- 9 | 10-12 || total
---------------------------+-------+-------+-------+-------++-------
  Melee: Unarmed           |     4 |       |       |       ||     4
         Punch             |     1 |       |       |       ||     1
         Short sword       |     3 |     7 |       |       ||    10
   Fire: Longbow           |       |       |   132 |   109 ||   241
  Throw: Dart              |       |     1 |       |       ||     1
   Cast: Sandblast         |    44 |   110 |    94 |    35 ||   283
         Stone Arrow       |       |     8 |    26 |    25 ||    59
         Freezing Cloud    |       |       |     3 |    29 ||    32
  Evoke: Wand              |       |       |       |     4 ||     4
    Use: Potion            |       |     2 |     1 |       ||     3
         Scroll            |       |       |     5 |       ||     5
 Armour: Robe              |     6 |    13 |    66 |    56 ||   141
  Dodge: Dodged            |    12 |    48 |   104 |    72 ||   236
